 Dungeon Crawl Stone Soup version 0.29-a0-284-gf9362112df (webtiles) character file.

Game seed: 8511571610490929450

604799 enile the Sorcerer (level 27, -45/211 HPs)
             Began as a Djinni Fire Elementalist on Mar 17, 2022.
             Was the Champion of Qazlal.
             Annihilated by Tiamat
             ... wielding a +2 demon trident of pain
              (56 damage)
             ... on level 1 of the Realm of Zot on Mar 18, 2022.
             The game lasted 03:02:02 (95738 turns).

enile the Sorcerer (Djinni Fire Elementalist)      Turns: 95738, Time: 03:02:02

Health: -45/211    AC: 11    Str: 13 (14) XL:     27
Gold:   5112       EV: 17    Int: 39      God:    Qazlal [******] SH: 16 Dex: 15

rFire   + + +      SeeInvis +   d - +4 trident "Fengidec" {vorpal, Int+3}
rCold   + . .      Faith    .   (no shield)
rNeg    + . .      Spirit   +   C - +1 robe of the Raven {Will- Regen+ Str+5 Archmagi}
rPois   ∞          Reflect  .   L - +2 helmet {Int+3}
rElec   .          Harm     .   Q - scarf {rC+ rF+}
rCorr   .          Rampage  .   (no gloves)
Will    ++...      Archmagi +   (boots unavailable)
Stlth   +......... Clarity  +   D - brooch of Shielding {Spirit SH+8}
HPRegen 1.25/turn               F - ring "Banijuw" {rC+ rN+ Will+ SInv}
MPRegen 0.00/turn               G - ring "Kuocouxzua" {Wiz Int+7}

@: protected from physical damage, flying, constricted, studying 5 skills, repel
missiles
A: sickness immunity, fire resistance 2, cold vulnerability 1, float, innate
caster, HP casting, extra vitality 1, iridescent scales 1, clarity, clumsy 1,
deterioration 2, dopey 1, strong 1
}: 4/15 runes: serpentine, barnacled, slimy, silver
a: Renounce Religion, Upheaval, Elemental Force, Disaster Area


You were on level 1 of the Realm of Zot.
You worshipped Qazlal.
Qazlal was exalted by your worship.
You visited 11 branches of the dungeon, and saw 52 of its levels.
You also visited: Trove, Sewer, Ice Cave, Volcano and Wizlab.

You collected 8930 gold pieces.
You spent 3818 gold pieces at shops.

Inventory:

Hand Weapons
 d - the +4 trident "Fengidec" (weapon) {vorpal, Int+3}
   (You found it on level 2 of the Crypt)

   It inflicts extra damage upon your enemies.
   Int:       It affects your intelligence (+3).
 M - the +8 lance "Wyrmbane" {slay drac, rPois rF+ rC+ AC+3}
   (You found it on level 5 of the Pits of Slime)

   It inflicts extra damage against dragons and draconians.
   AC:        It affects your AC (+3).
   rF:        It protects you from fire.
   rC:        It protects you from cold.
   rPois:     It protects you from poison.
Missiles
 U - 2 throwing nets
Armour
 f - a scarf of invisibility
 g - the +9 tower shield of Gravity {+Inv rElec Regen+ Int+2}
   (You bought it in a shop on level 2 of the Shoals)

   Int:       It affects your intelligence (+2).
   rElec:     It insulates you from electricity.
   +Inv:      It lets you turn invisible.
   Regen:     It increases your rate of health regeneration.
 y - a +0 kite shield of protection
 C - the +1 robe of the Raven (worn) {Will- Regen+ Str+5 Archmagi}
   (You took it off a salamander on level 3 of the Snake Pit)

   Str:       It affects your strength (+5).
   Regen:     It increases your rate of health regeneration.
   Archmagi:  It increases the power of your magical spells.
   Will:      It decreases your willpower.
 L - a +2 helmet of intelligence (worn)
 Q - a scarf of resistance (worn)
Jewellery
 D - the brooch of Shielding (around neck) {Spirit SH+8}
   (You found it on level 2 of the Snake Pit)

   [amulet of guardian spirit]

   It causes incoming damage to be divided between your reserves of health and
   magic.
   SH:        It affects your SH (+8).
 F - the ring "Banijuw" (left hand) {rC+ rN+ Will+ SInv}
   (You acquired it in a wizard's laboratory)

   [ring of see invisible]

   rC:        It protects you from cold.
   rN:        It protects you from negative energy.
   SInv:      It lets you see invisible.
   Will:      It increases your willpower.
 G - the ring "Kuocouxzua" (right hand) {Wiz Int+7}
   (You bought it in a shop on level 1 of the Depths)

   [ring of wizardry]

   It improves your spell success rate.
   Int:       It affects your intelligence (+7).
 J - a +6 ring of intelligence
 S - a ring of wizardry
Wands
 a - a wand of iceblast (24)
 e - a wand of flame (26)
 k - a wand of acid (18)
 w - a wand of paralysis (34)
 R - a wand of digging (4)
 Y - a wand of charming (22)
Scrolls
 b - 16 scrolls of teleportation
 h - 5 scrolls of immolation
 m - 4 scrolls of silence
 o - 7 scrolls of fog
 p - 7 scrolls of vulnerability
 r - 4 scrolls of fear (quivered)
 s - 4 scrolls of enchant armour
 t - 8 scrolls of magic mapping
 u - 5 scrolls of blinking
 x - 9 scrolls of brand weapon
 O - 7 scrolls of holy word
 T - 2 scrolls of torment
 W - a scroll of summoning
Potions
 c - 2 potions of invisibility
 i - 24 potions of curing
 l - 9 potions of attraction
 n - 7 potions of ambrosia
 v - a potion of resistance
 z - 7 potions of haste
 A - 17 potions of brilliance
 B - 13 potions of cancellation
 H - 6 potions of heal wounds
 I - 3 potions of lignification {unknown}
 K - 7 potions of might
 X - 6 potions of berserk rage
 Z - 3 potions of magic {unknown}
Miscellaneous
 j - a tin of tremorstones (inert)
 q - a phial of floods
 E - a box of beasts
 N - a lightning rod (4/4)
 P - a condenser vane
 V - a phantom mirror


   Skills:
 - Level 22.0 Fighting
 + Level 16.0 Dodging
 - Level 1.5 Stealth
 - Level 20.0 Shields
 - Level 23.0 Spellcasting
 - Level 11.0 Invocations
 - Level 19.0 Evocations


You couldn't memorise any spells.
You knew the following spells:

 Your Spells              Type           Power      Damage    Failure   Level
a - Statue Form           Tmut/Erth      98%        N/A       0%          6
b - Iron Shot             Conj/Erth      73%        9d13      0%          6
c - Fire Storm            Conj/Fire      73%        8d19      1%          9
d - Shatter               Erth           73%        3d54*     1%          9
e - Flame Wave            Conj/Fire      100%       2d17      0%          4
f - Pain                  Necr           100%       1d9       0%          1
g - Passwall              Tmut/Erth      100%       N/A       0%          2
h - Frozen Ramparts       Ice            100%       1d12      0%          3
i - Scorch                Fire           100%       2d10      0%          2
j - Conjure Flame         Conj/Fire      100%       6-21      0%          3
k - Metabolic Englaciati  Hex/Ice        73%        N/A       0%          5
l - Stone Arrow           Conj/Erth      100%       3d13      0%          3
m - Foxfire               Conj/Fire      100%       2x1d9     0%          1
n - Enfeeble              Hex            73%        N/A       1%          7
o - Malign Gateway        Summ/Tloc      73%        N/A       1%          7
p - Monstrous Menagerie   Summ           73%        N/A       1%          7
q - Inner Flame           Hex/Fire       100%       N/A       0%          3
r - Manifold Assault      Tloc           100%       N/A       0%          5
Your spell library was empty.

Dungeon Overview and Level Annotations

Branches:
Dungeon (15/15)            Temple (0/1) D:4            Lair (6/6) D:11
 Shoals (4/4) Lair:4        Snake (4/4) Lair:3        Slime (5/5) Lair:6
    Orc (2/2) D:11            Elf (3/3) Orc:2        Vaults (5/5) D:13
  Crypt (3/3) Vaults:2       Tomb (0/3) Crypt:3      Depths (4/4) D:15
    Zot (1/5) Depths:4      Sewer (visited)           IceCv (visited)
Volcano (visited)          WizLab (visited)

Altars:
Cheibriados
Dithmenos
Gozag
Kikubaaqudgha
Nemelex Xobeh
Qazlal
Vehumet
Xom
Yredelemnul

Shops:
Orc:1 :   Orc:2 ([[:   Shoals:2 [[(   Snake:3 (   Vaults:2 [   Vaults:4 [
Depths:1 =:=   Depths:4 :(

Portals:
Hell: Depths:1 Depths:2 Depths:3 Depths:4
Abyss: Depths:1 Depths:3 Depths:4
Pandemonium: Depths:2
Ziggurat: Depths:2

Annotations:
D:12 3 exclusions
Lair:3 1 runed translucent door, pigah's ghost, journeyman OpAE
Depths:1 1 runed translucent door, exclusion: orange crystal statue
Depths:2 exclusion: downstairs
Zot:1 Tiamat


Innate Abilities, Weirdness & Mutations

You are immune to sickness and miasma.
You are immune to poison.
Your flesh is very heat resistant. (rF++)
You are vulnerable to cold. (rC-)
You float through the air rather than walking.
You learn spells naturally, not from books.
Your magical power is your life essence.
You have superior vitality. (+4 MHP)
You are partially covered in iridescent scales. (AC +2)
You possess an exceptional clarity of mind.
You are clumsy. (Dex -2)
Your body often deteriorates upon taking damage.
You are dopey. (Int -2)
Your muscles are strong. (Str +2)


Message History

Okay, then.
Okay, then.
Read: 5 scrolls of fear
Press: ? - help, Q - select action, (/) - cycle Dir - look around, f - activate Look: a death drake (moderately wounded, summoned, chance to affect: 90%)
As you read the scroll of fear, it crumbles to dust.
You assume a fearsome visage.
Tiamat resists with almost no effort.
The black draconian looks frightened!
The yellow draconian annihilator looks frightened!
The black draconian looks frightened!
The white draconian stormcaller looks frightened!
The green draconian monk looks frightened!
The eldritch tentacle segment is unaffected.
The eldritch tentacle segment is unaffected.
The death drake looks frightened!
The tentacled monstrosity resists with almost no effort. x3
The golden dragon resists with almost no effort.
You hear a chilling moan.
The green draconian monk is struck by lightning.
The tentacled monstrosity tentacle-slaps you. x2
The tentacled monstrosity completely misses you.
The yellow draconian annihilator mumbles some strange words.
The yellow draconian annihilator blinks!
The tentacled monstrosity is engulfed in blazing flames.
You block the tentacled monstrosity's attack.
The tentacled monstrosity tentacle-slaps you!
* * * LOW HITPOINT WARNING * * *
The tentacled monstrosity tentacle-slaps you but does no damage.
The tentacled monstrosity constricts you.
* * * LOW HITPOINT WARNING * * *
The golden dragon bites you!!
* * * LOW HITPOINT WARNING * * *
Your body deteriorates!
You feel weakened.
You feel more protected from physical attacks.
The golden dragon claws you!
* * * LOW HITPOINT WARNING * * *
You feel more protected from physical attacks.
You block the golden dragon's attack.
Tiamat hits you from afar with a +2 demon trident of pain!!!
You die...

.# .# .....##
..##.## .)[....
...#.#. [[....
..#q#.. ).[.###
....) d......
.d. )§.....
§..###d#X......
..Xd.q§@X...?.#
######†[D.....#
#qk§......
##.......#
.....#.##
...... ..
w....## #
..*....


You could see Tiamat, 3 tentacled monstrosities, a green draconian monk
(fleeing), an eldritch tentacle, a golden dragon, 2 draconians, a purple
draconian, a white draconian stormcaller (fleeing), a yellow draconian
annihilator (fleeing) and a death drake (summoned, fleeing).

Vanquished Creatures
  the Royal Jelly (Slime:5)
  2 ancient liches
  3 dread liches
  Mennas (Depths:4)
  2 juggernauts (Depths:3)
  Josephina (Depths:3)
  Sojobo (Depths:4)
  Boris (Depths:3)
  Xtahua (Depths:4)
  The ghost of garrulousMonolith the Whirler, a veteran GnFi of Cheibriados (Vaults:4)
  3 golden dragons
  A bone dragon (Crypt:3)
  Jorgrun (D:13)
  5 tentacled monstrosities
  4 liches
  A walking crystal tome (Depths:3)
  3 titans (Vaults:5)
  2 walking divine tomes
  3 ancient champions
  4 deep elf blademasters (Elf:3)
  3 quicksilver dragons
  2 deep elf master archers (Elf:3)
  5 sphinxes
  18 acid blobs
  A death cob (Zot:1)
  2 eldritch tentacles
  2 storm dragons
  11 tengu reavers
  A draconian monk (Zot:1)
  A fenstrider witch (Depths:2)
  4 shadow dragons
  10 rockslimes
  A revenant (Crypt:3)
  3 nagarajas
  11 fire giants
  11 azure jellies
  2 balrugs
  2 draconian scorchers (Zot:1)
  7 deep elf sorcerers
  6 frost giants
  5 ghouls
  9 vault wardens
  3 iron dragons
  A ghost moth (Zot:1)
  3 orc warlords
  2 draconian shifters
  Aizul (Vaults:1)
  A deep elf elementalist (Elf:3)
  A curse skull (Crypt:1)
  10 quicksilver oozes
  13 stone giants
  A war gargoyle (Vaults:4)
  3 demonspawn corrupters (WizLab)
  16 very ugly things
  15 ironbound preservers
  5 ironbound thunderhulks
  2 spriggan defenders
  2 deep elf demonologists (Elf:3)
  A caustic shrike skeleton (Crypt:1)
  6 vampire knights
  4 entropy weavers
  A green draconian (Depths:4)
  2 yellow draconians (Zot:1)
  A black draconian (Zot:1)
  3 white draconians
  2 deep elf annihilators (Elf:3)
  A red draconian (Volcano)
  3 spark wasps
  The ghost of sammy202020 the Fighter, a journeyman GrBe of Trog (Shoals:1)
  7 dire elephants
  3 crystal guardians
  15 ettins
  Snorg (D:14)
  2 blizzard demons (IceCv)
  5 deep elf death magi
  8 merfolk javelineers
  26 jiangshi
  16 fire dragons
  4 merfolk impalers
  9 great orbs of eyes
  5 yaktaur captains
  7 deep elf high priests
  6 salamander tyrants
  4 ice dragons
  19 naga warriors
  Harold (D:10)
  29 vault guards
  3 rakshasas
  3 peacekeepers
  7 boulder beetles
  3 spriggan air magi (Depths:3)
  Erolcha (D:9)
  A catoblepas (D:13)
  9 hydras
  Erica (D:9)
  11 ironbound frosthearts
  12 two-headed ogres
  3 ogre magi
  8 death knights
  3 merfolk avatars
  11 anacondas
  4 alligator snapping turtles
  16 centaur warriors
  4 satyrs
  30 dancing weapons
  3 deep troll earth magi
  3 merfolk aquamancers
  A fenstrider witch skeleton (Crypt:1)
  6 vampire magi
  3 death yaks (Lair:5)
  7 deep troll shamans
  14 naga sharpshooters
  Urug (Lair:3)
  13 shock serpents
  5 spriggan berserkers
  Sonja (D:10)
  A storm dragon zombie (Vaults:4)
  17 deep elf knights
  A fire crab (Lair:6)
  12 hell knights
  An iron giant zombie (Crypt:1)
  8 salamander mystics
  A sun demon (Depths:2)
  27 skeletal warriors
  18 sea snakes
  15 iron trolls
  4 shadow wraiths
  A spriggan druid (WizLab)
  8 flayed ghosts
  2 glowing orange brains
  8 spriggan simulacra (IceCv)
  16 ironbound convokers
  59 deep trolls
  4 deep elf archers
  8 wizards
  2 bog bodies
  A harpy (shapeshifter) (D:14)
  An obsidian statue (IceCv)
  A sphinx zombie (Crypt:2)
  5 naga ritualists
  8 orc knights
  11 harpies
  27 deep elf pyromancers
  9 phantasmal warriors
  19 deep elf zephyrmancers
  9 necromancers
  20 lindwurms
  11 ugly things
  12 mana vipers
  A mana viper (shapeshifter) (WizLab)
  2 cyclopes (shapeshifter)
  19 manticores
  29 salamanders
  66 slime creatures
  5 worldbinders (WizLab)
  An orc sorcerer (Orc:1)
  4 large abominations
  7 shining eyes
  21 fauns
  7 moths of wrath
  11 merfolk sirens
  12 cyclopes
  An elephant (shapeshifter) (Vaults:4)
  A stone giant skeleton (Vaults:4)
  11 elephants
  11 guardian serpents
  A storm dragon simulacrum (D:13)
  12 vault sentinels
  4 molten gargoyles
  3 water nymphs
  41 black mambas
  2 torpor snails (Lair:5)
  An elephant slug zombie (Crypt:2)
  18 naga magi
  3 smoke demons
  2 centaur skeletons (D:13)
  5 gargoyles
  13 komodo dragons
  13 cane toads
  6 rime drakes
  6 freezing wraiths
  A yaktaur (shapeshifter) (Elf:3)
  4 unseen horrors (Depths:4)
  Psyche (D:9)
  A tengu conjurer (Depths:4)
  A hellwing (Depths:2)
  3 entropy weaver simulacra (IceCv)
  2 spark wasp simulacra (Depths:3)
  11 ice devils (IceCv)
  An anaconda simulacrum (IceCv)
  9 yaktaurs
  27 merfolk
  A red devil (Depths:2)
  A death yak skeleton (Crypt:2)
  A merfolk (shapeshifter) (Depths:3)
  14 trolls
  7 meliai
  A troll (shapeshifter) (Vaults:5)
  3 golden dragon simulacra (IceCv)
  2 hornets
  A polar bear (shapeshifter) (Vaults:5)
  A wind drake (shapeshifter) (Vaults:5)
  A fire dragon zombie (Crypt:2)
  A tarantella (Vaults:1)
  25 dream sheep
  A queen bee (Lair:5)
  A blink frog (shapeshifter) (Elf:1)
  9 snapping turtles
  2 harpy skeletons
  6 wind drakes
  2 tengu simulacra (Depths:3)
  Prince Ribbit (D:8)
  29 blink frogs
  A boulder beetle zombie (Crypt:2)
  A culicivora (shapeshifter) (D:15)
  2 dire elephant simulacra
  A spriggan (Depths:3)
  51 flying skulls
  3 air elementals
  A vampire (D:11)
  5 shadows
  9 wraiths
  5 wyverns
  12 water elementals
  25 yaks
  A golden eye (shapeshifter) (Vaults:5)
  10 basilisks
  A redback (shapeshifter) (Vaults:5)
  8 golden eyes
  3 fire elementals
  Grum (D:9)
  A yaktaur simulacrum (Vaults:4)
  7 minotaur simulacra (IceCv)
  2 fire bats (Volcano)
  2 chaos spawn (Depths:4)
  7 vampire mosquitoes
  6 wargs
  2 harpy simulacra
  3 steam dragons
  2 redbacks
  63 nagas
  An acid dragon (D:13)
  4 hell hounds
  A swamp worm (shapeshifter) (Vaults:4)
  16 water moccasins
  A floating eye (Depths:2)
  An ice beast (D:5)
  A swamp dragon zombie (Crypt:1)
  26 orc warriors
  A hornet zombie (D:13)
  A sky beast (D:5)
  A black bear (D:6)
  22 ogres
  28 wolves
  2 alligator simulacra (IceCv)
  2 boggarts (WizLab)
  8 centaurs
  7 small abominations
  A phantom (D:6)
  A manticore skeleton (Crypt:2)
  4 necrophages
  15 bullfrogs
  An elf zombie (Crypt:2)
  3 kobold brigands
  8 deep troll simulacra (IceCv)
  2 earth elementals (Elf:2)
  2 gnoll sergeants
  6 scorpions
  12 wights
  2 water moccasin skeletons
  A raiju zombie (Crypt:1)
  A lindwurm simulacrum (IceCv)
  36 killer bees
  A warg skeleton (Crypt:2)
  3 howler monkeys
  2 electric eels (Snake:3)
  11 lava snakes
  A wolf zombie (Crypt:2)
  3 hounds
  10 orc priests
  17 jellies
  Crazy Yiuf (D:6)
  Jessica (D:3)
  Natasha (thrice) (D:3)
  2 gnoll shamans
  2 iguanas
  15 orc wizards
  2 human skeletons
  6 hell rats (Lair:5)
  A sky beast zombie (Crypt:1)
  Robin (D:2)
  17 gnolls
  9 adders
  2 river rats (D:4)
  4 white imps
  An ufetubus (D:7)
  An adder zombie (Crypt:1)
  3 worms
  A dart slug (D:3)
  58 orcs
  9 ball pythons
  10 bats
  17 endoplasms
  An endoplasm (shapeshifter) (D:13)
  6 giant cockroaches
  20 goblins
  9 hobgoblins
  2 jackals (D:1)
  3 quokkas (D:1)
  9 frilled lizards
  16 kobolds
  14 rats
  2 bushes
  2 fire vortices (Slime:2)
  4 foxfires
2228 creatures vanquished.

Vanquished Creatures (collateral kills)
  A dread lich (Crypt:3)
  Bai Suzhen (Crypt:3)
  Saint Roka (Vaults:1)
  Frederick (Crypt:1)
  Margery (Vaults:3)
  A profane servitor (Crypt:3)
  The ghost of Ugeaw the Slayer, an adept OgEn of Okawaru (Vaults:4)
  A tentacled monstrosity (Depths:2)
  A lich (Vaults:4)
  Asterion (Vaults:1)
  3 acid blobs
  2 sphinxes (Vaults:5)
  3 tengu reavers (Vaults:5)
  A storm dragon (Depths:4)
  A fire giant (Depths:2)
  A rockslime (Slime:4)
  2 deep elf sorcerers (Elf:3)
  2 vault wardens (Vaults:5)
  A curse skull (Crypt:2)
  A draconian annihilator (Depths:4)
  5 ironbound preservers
  3 quicksilver oozes (Slime:5)
  A spriggan defender (Depths:2)
  7 very ugly things
  An ironbound thunderhulk (Vaults:4)
  A vampire knight (Depths:2)
  A war gargoyle (Vaults:5)
  A spark wasp (Depths:2)
  A black draconian (Depths:4)
  2 deep elf annihilators
  A dire elephant (Vaults:4)
  An eidolon (Crypt:1)
  2 ettins
  3 deep elf death magi
  2 deep elf high priests (Elf:3)
  2 fire dragons
  A jiangshi (Crypt:1)
  2 great orbs of eyes
  2 yaktaur captains
  A rakshasa (Depths:1)
  2 vault guards (Vaults:1)
  A peacekeeper (Vaults:4)
  2 centaur warriors (Vaults:2)
  2 ice dragons
  3 dancing weapons (Elf:2)
  2 death knights
  2 deep troll earth magi
  A deep troll shaman (Depths:2)
  3 deep elf knights (Elf:2)
  A spriggan berserker (Depths:1)
  5 hell knights
  2 skeletal warriors
  2 shadow wraiths (Crypt:3)
  2 iron trolls
  A steelbarb worm (shapeshifter) (Depths:2)
  13 deep trolls
  An orc knight (Vaults:4)
  5 phantasmal warriors (Crypt:3)
  3 deep elf archers
  5 ironbound convokers
  6 deep elf pyromancers
  4 deep elf zephyrmancers
  2 necromancers
  2 shining eyes
  7 ugly things
  An eleionoma zombie (Crypt:2)
  4 vault sentinels
  A centaur skeleton (Crypt:1)
  An eye of devastation (Depths:2)
  A dire elephant skeleton (Crypt:1)
  8 yaktaurs
  2 freezing wraiths
  A blink frog (shapeshifter) (Vaults:5)
  A hornet (Depths:2)
  23 slime creatures
  A shadow (Crypt:3)
  A spriggan (Depths:2)
  A wraith (Crypt:2)
  2 flying skulls (Crypt:3)
  2 chaos spawn (Depths:4)
  2 orc warriors (Vaults:1)
  2 necrophages
  2 orcs (Vaults:1)
  An endoplasm (Slime:2)
  A fire vortex (Vaults:4)
  8 foxfires
212 creatures vanquished.

Vanquished Creatures (others)
  Mara (Vaults:4)
  62 eldritch tentacles
  A rockslime (Slime:5)
  A purple draconian (Zot:1)
  A yaktaur captain (Vaults:5)
  A fire dragon (Depths:4)
  A vault guard (Vaults:1)
  A deep elf knight (Elf:1)
  A hell knight (Vaults:5)
  A flayed ghost (Crypt:3)
  A deep elf pyromancer (Elf:1)
  A harpy (Shoals:4)
  A shining eye (Depths:2)
  A guardian serpent (Snake:3)
  A yaktaur (Vaults:5)
  A glowing shapeshifter simulacrum (Depths:3)
  An ufetubus (D:6)
  56 fire vortices
  611 foxfires
  40 fungi
  84 plants
869 creatures vanquished.

Grand Total: 3309 creatures vanquished

Notes
Turn   | Place    | Note
-------+----------+-------------------------------------------
     0 | D:1      | enile the Djinni Fire Elementalist began the quest for the
                  | Orb.
     0 | D:1      | Reached XP level 1. HP: 15/15 MP: 0/0
    71 | D:1      | Reached skill level 1 in Fighting
   138 | D:1      | Reached XP level 2. HP: 20/22 MP: 0/0
   181 | D:1      | Found a faded altar of an unknown god.
   347 | D:1      | Prayed at the altar of an unknown god.
   347 | D:1      | Became a worshipper of Qazlal Stormbringer
   347 | D:1      | Reached * piety under Qazlal
   748 | D:1      | Reached XP level 3. HP: 27/29 MP: 0/0
   748 | D:1      | Learned a level 1 spell: Pain
  1717 | D:2      | Reached XP level 4. HP: 31/35 MP: 0/0
  1747 | D:2      | Reached ** piety under Qazlal
  2047 | D:2      | Noticed Robin
  2446 | D:2      | Killed Robin
  2687 | D:2      | Reached XP level 5. HP: 40/41 MP: 0/0
  2687 | D:2      | Learned a level 2 spell: Passwall
  3994 | D:3      | Reached skill level 5 in Fighting
  4219 | D:3      | Noticed an ogre
  4226 | D:3      | Killed an ogre
  4227 | D:3      | Reached skill level 3 in Spellcasting
  4227 | D:3      | Reached XP level 6. HP: 26/49 MP: 0/0
  4635 | D:3      | Noticed Natasha
  4642 | D:3      | Killed Natasha
  4866 | D:3      | Noticed Jessica
  4868 | D:3      | Killed Jessica
  4868 | D:3      | Reached *** piety under Qazlal
  5086 | D:4      | Found a glowing drain.
  5242 | Sewer    | Entered a sewer
  5301 | Sewer    | Reached skill level 4 in Spellcasting
  5301 | Sewer    | Reached XP level 7. HP: 52/54 MP: 0/0
  5301 | Sewer    | Learned a level 3 spell: Frozen Ramparts
  6352 | D:4      | Found a staircase to the Ecumenical Temple.
  6601 | D:5      | Entered Level 5 of the Dungeon
  6633 | D:5      | Reached skill level 5 in Spellcasting
  7096 | D:5      | Reached XP level 8. HP: 40/59 MP: 0/0
  7124 | D:5      | Reached skill level 6 in Spellcasting
  7754 | D:6      | Reached skill level 7 in Spellcasting
  7786 | D:6      | Reached XP level 9. HP: 32/65 MP: 0/0
  7786 | D:6      | Learned a level 3 spell: Stone Arrow
  8181 | D:6      | Reached **** piety under Qazlal
  8220 | D:6      | Reached skill level 5 in Dodging
  8795 | D:6      | Found a shimmering altar of Xom.
  9223 | D:6      | Reached skill level 8 in Spellcasting
  9554 | D:6      | Found a runed translucent door.
  9555 | D:6      | Noticed Crazy Yiuf
  9628 | D:6      | Killed Crazy Yiuf
 10867 | D:7      | Noticed a cyclops
 10872 | D:7      | Killed a cyclops
 10873 | D:7      | Reached skill level 9 in Spellcasting
 10873 | D:7      | Reached XP level 10. HP: 62/70 MP: 0/0
 11137 | D:8      | Noticed Prince Ribbit
 11141 | D:8      | Killed Prince Ribbit
 11426 | D:8      | Reached skill level 1 in Invocations
 11574 | D:8      | Identified the +1 leather armour of Hais {rC++}
 12463 | D:9      | Noticed Erica
 12468 | D:9      | Killed Erica
 12469 | D:9      | Reached skill level 5 in Invocations
 12777 | D:9      | Identified the +8 mace of Midnight {freeze, rC+ Dex+4}
 12828 | D:9      | Noticed Grum
 12832 | D:9      | Killed Grum
 13325 | D:9      | Noticed Psyche
 13333 | D:9      | Killed Psyche
 13492 | D:9      | Noticed Erolcha
 13512 | D:9      | Killed Erolcha
 13513 | D:9      | Reached XP level 11. HP: 64/82 MP: 0/0
 13513 | D:9      | Learned a level 5 spell: Manifold Assault
 14374 | D:10     | Entered Level 10 of the Dungeon
 14428 | D:10     | Noticed Harold
 14436 | D:10     | Killed Harold
 14533 | D:10     | Reached skill level 10 in Fighting
 14712 | D:10     | Noticed Sonja
 14716 | D:10     | Killed Sonja
 15631 | D:11     | Reached ***** piety under Qazlal
 15765 | D:11     | Reached skill level 10 in Spellcasting
 15984 | D:11     | Found a staircase to the Lair.
 16025 | D:11     | Found a staircase to the Orcish Mines.
 16159 | D:11     | Noticed a six-headed hydra
 16164 | D:11     | Killed a six-headed hydra
 16596 | D:12     | Noticed a boulder beetle
 16606 | D:12     | Killed a boulder beetle
 16607 | D:12     | Reached XP level 12. HP: 48/91 MP: 0/0
 16976 | D:12     | Noticed a death knight
 17088 | D:12     | Noticed a death knight
 17099 | D:12     | Killed a death knight
 17100 | D:12     | Reached skill level 11 in Spellcasting
 17107 | D:12     | Noticed a death knight
 17905 | D:12     | Noticed a death knight
 17919 | D:12     | Killed a death knight
 17942 | D:12     | HP: 3/91 [mirror damage (3)]
 18429 | Lair:1   | Entered Level 1 of the Lair of Beasts
 18433 | Lair:1   | Reached skill level 12 in Spellcasting
 18619 | Lair:1   | Found a dark tunnel.
 18627 | Volcano  | Entered a volcano
 19199 | Volcano  | Noticed a two-headed ogre
 19216 | Volcano  | Noticed a two-headed ogre
 19217 | Volcano  | Found a burning altar of Makhleb.
 19217 | Volcano  | Noticed a two-headed ogre
 19217 | Volcano  | Noticed a two-headed ogre
 19218 | Volcano  | Noticed an ogre mage
 19221 | Volcano  | Killed a two-headed ogre
 19224 | Volcano  | Killed a two-headed ogre
 19228 | Volcano  | Killed a two-headed ogre
 19268 | Volcano  | Killed an ogre mage
 19269 | Volcano  | Reached XP level 13. HP: 22/99 MP: 0/0
 19269 | Volcano  | Learned a level 5 spell: Metabolic Englaciation
 19766 | Volcano  | Noticed a red draconian
 19771 | Volcano  | Killed a red draconian
 19788 | Volcano  | Reached skill level 5 in Shields
 21224 | Lair:2   | Noticed a four-headed hydra
 21228 | Lair:2   | Killed a four-headed hydra
 22758 | Lair:2   | Noticed an eight-headed hydra
 22764 | Lair:2   | Killed an eight-headed hydra
 23856 | Lair:3   | Found a staircase to the Snake Pit.
 23862 | Lair:3   | Noticed a seven-headed hydra
 24202 | Lair:3   | Noticed a boulder beetle
 24419 | Lair:2   | Reached XP level 14. HP: 95/112 MP: 0/0
 25071 | Lair:3   | Reached skill level 1 in Evocations
 25168 | Lair:3   | Found a runed translucent door.
 25549 | Lair:3   | Noticed Urug
 25556 | Lair:3   | Killed Urug
 25986 | Lair:3   | Noticed pigah's ghost (journeyman OpAE)
 26316 | Lair:4   | Found a staircase to the Shoals.
 26393 | Lair:4   | Reached skill level 5 in Evocations
 28081 | Lair:5   | Reached ****** piety under Qazlal
 28639 | Lair:5   | HP: 5/112 [torpor snail (18)]
 29111 | Lair:5   | Reached skill level 13 in Spellcasting
 30234 | Lair:6   | Entered Level 6 of the Lair of Beasts
 30247 | Lair:6   | Reached XP level 15. HP: 70/117 MP: 0/0
 30247 | Lair:6   | Learned a level 6 spell: Iron Shot
 32015 | Lair:6   | Reached skill level 14 in Spellcasting
 32799 | Lair:6   | Found a staircase to the Slime Pits.
 33759 | Lair:6   | Found a large runed translucent door.
 33759 | Lair:6   | Found a large runed translucent door.
 34435 | Orc:1    | Entered Level 1 of the Orcish Mines
 35834 | Orc:1    | Reached skill level 15 in Spellcasting
 35845 | Orc:1    | Noticed an orc warlord
 36147 | D:11     | Killed an orc warlord
 36359 | Orc:1    | Noticed an orc warlord
 36367 | Orc:1    | Killed an orc warlord
 36982 | Orc:1    | Found Cocveobb's Book Emporium.
 37364 | Orc:2    | Entered Level 2 of the Orcish Mines
 38199 | Orc:2    | Reached XP level 16. HP: 97/124 MP: 0/0
 38204 | Orc:2    | Reached skill level 15 in Fighting
 38230 | Orc:2    | HP: 6/126 [troll (17)]
 39908 | Orc:2    | Found Baon's Antique Armour Shoppe.
 39913 | Orc:2    | Found Veaf Gat's Weapon Shop.
 39916 | Orc:2    | Bought an embroidered robe for 103 gold pieces
 39916 | Orc:2    | Bought an embroidered robe for 103 gold pieces
 39916 | Orc:2    | Bought a blackened leather armour for 196 gold pieces
 39916 | Orc:2    | Identified the +3 leather armour "Xipeapt" {SInv Stlth+}
                  | (You bought it in a shop on level 2 of the Orcish Mines)
 39921 | Orc:2    | Found Jiarruiff's Book Emporium.
 39922 | Orc:2    | Found Vooxtal's Antique Armour Emporium.
 39935 | Orc:2    | Bought an embroidered robe for 111 gold pieces
 39935 | Orc:2    | Bought an embroidered robe for 111 gold pieces
 39935 | Orc:2    | Bought a fine robe for 171 gold pieces
 39935 | Orc:2    | Identified the +0 robe of Knowledge {Dex+4} (You bought it
                  | in a shop on level 2 of the Orcish Mines)
 39958 | Orc:2    | Found a staircase to the Elven Halls.
 40176 | D:12     | HP: 6/128 [??? (4)]
 42469 | D:12     | HP: 5/128 [??? (2)]
 43732 | D:12     | HP: 5/128 [??? (2)]
 44933 | D:13     | Noticed Jorgrun
 44937 | D:13     | Killed Jorgrun
 45865 | D:13     | Reached skill level 16 in Spellcasting
 46024 | D:13     | Found a gate to the Vaults.
 46493 | D:14     | Noticed Snorg
 46499 | D:14     | Killed Snorg
 47670 | D:14     | Reached XP level 17. HP: 119/133 MP: 0/0
 47670 | D:14     | Learned a level 6 spell: Statue Form
 47954 | D:15     | Entered Level 15 of the Dungeon
 48070 | D:15     | Found a staircase to the Depths.
 48725 | D:15     | Found a sparkling altar of Nemelex Xobeh.
 49392 | D:3      | Noticed Natasha
 49394 | D:3      | Killed Natasha
 49397 | D:3      | Noticed Natasha
 49400 | D:3      | Killed Natasha
 49693 | Depths:1 | Entered Level 1 of the Depths
 49734 | Depths:1 | Reached skill level 17 in Spellcasting
 49949 | Depths:1 | Found a magical portal.
 49957 | WizLab   | Entered Alistair's Party Mansion
 50352 | WizLab   | Noticed a sphinx
 50367 | WizLab   | Killed a sphinx
 50401 | WizLab   | Noticed a sphinx
 51193 | WizLab   | Noticed a tentacled starspawn
 51889 | WizLab   | Identified a scroll of acquirement
 51909 | WizLab   | Acquired the ring "Banijuw" {rC+ rN+ Will+ SInv}
 52816 | Snake:1  | Entered Level 1 of the Snake Pit
 53240 | Snake:1  | Found a snail-covered altar of Cheibriados.
 53305 | Snake:1  | Reached XP level 18. HP: 88/145 MP: 0/0
 55881 | Snake:2  | Found an opulent altar of Gozag.
 56446 | Snake:2  | Found the brooch of Shielding {Spirit SH+8}
 57077 | Snake:3  | Reached skill level 10 in Dodging
 59066 | Snake:3  | Found Woonwaf's Antique Weapon Shop.
 59315 | Snake:4  | Entered Level 4 of the Snake Pit
 60219 | Snake:4  | Reached XP level 19. HP: 36/153 MP: 0/0
 60219 | Snake:4  | Learned a level 7 spell: Enfeeble
 60602 | Snake:4  | Identified the +1 robe of the Raven {Will- Regen+ Str+5
                  | Archmagi}
 63520 | Snake:4  | Reached skill level 10 in Shields
 64225 | Snake:4  | Got a serpentine rune of Zot
 64667 | Vaults:1 | Entered Level 1 of the Vaults
 64880 | Shoals:1 | Entered Level 1 of the Shoals
 65404 | Shoals:1 | Found a transporter.
 65426 | Shoals:1 | Found a transporter.
 65429 | Shoals:1 | Noticed sammy202020's ghost (journeyman GrBe)
 65434 | Shoals:1 | Reached XP level 20. HP: 153/160 MP: 0/0
 66439 | Shoals:2 | Found Zumm's Antique Weapon Shop.
 66634 | Shoals:2 | Found Binaeng's Armour Shop.
 66851 | Shoals:2 | Found Vowit's Armour Emporium.
 66934 | Shoals:2 | Bought the +9 tower shield of Gravity {+Inv rElec Regen+
                  | Int+2} for 1419 gold pieces
 67831 | Shoals:2 | Bought a +2 helmet of intelligence for 408 gold pieces
 67907 | Shoals:3 | Found a frozen archway.
 67923 | IceCv    | Entered an ice cave
 68218 | IceCv    | Reached skill level 15 in Shields
 68449 | IceCv    | Identified the +8 hand axe "Jast" {vorpal, rElec}
 69297 | Shoals:4 | Entered Level 4 of the Shoals
 69717 | Shoals:4 | Reached XP level 21. HP: 166/166 MP: 0/0
 69717 | Shoals:4 | Learned a level 7 spell: Malign Gateway
 70099 | Shoals:4 | Got a barnacled rune of Zot
 70363 | Shoals:4 | Found the +10 dark maul {vorpal}
 70604 | Shoals:1 | Killed sammy202020's ghost
 70640 | Shoals:1 | Identified the ring "Vidwyekk" {rCorr Str+5}
 71392 | Depths:1 | Reached skill level 18 in Spellcasting
 71459 | Depths:1 | Found a runed translucent door.
 71606 | Depths:1 | Found Yroshrost's Jewellery Emporium.
 71607 | Depths:1 | Found Xaewk's Book Shop.
 71608 | Depths:1 | Found Uthuvuec's Jewellery Emporium.
 71618 | Depths:1 | Bought the ring "Kuocouxzua" {Wiz Int+7} for 672 gold
                  | pieces
 71802 | Depths:1 | You are sucked into a shaft and drop 1 floor!
 72101 | Depths:2 | Found a one-way gateway to a ziggurat.
 72186 | Depths:2 | Paralysed by a floating eye for 3 turns
 72272 | Depths:2 | Noticed a dread lich
 72279 | Depths:2 | Killed a dread lich
 72424 | Depths:2 | Reached skill level 19 in Spellcasting
 72445 | Depths:2 | Reached XP level 22. HP: 136/173 MP: 0/0
 72555 | Depths:2 | Found a gateway to Hell.
 72633 | Depths:2 | Found a one-way gate leading to the halls of Pandemonium.
 72961 | Depths:2 | Gained mutation: You are weak. (Str -2) [a shining eye]
 72963 | Depths:2 | Gained mutation: Armour fits poorly on your strangely
                  | shaped body. [a shining eye]
 72978 | Depths:2 | Gained mutation: Your spells are a little easier to cast,
                  | but a little less powerful. [a shining eye]
 73283 | Depths:1 | Found a one-way gate to the infinite horrors of the Abyss.
 73606 | Depths:3 | Identified the +1 quarterstaff "Thing" {vorpal, Str+2}
 74022 | Vaults:1 | Noticed Aizul
 74029 | Vaults:1 | Killed Aizul
 74553 | Vaults:1 | Noticed Asterion
 74554 | Vaults:1 | Identified the +2 robe of Muntec {rPois Regen+ Int-5
                  | Stlth+}
 74556 | Vaults:1 | Noticed Saint Roka
 74564 | Vaults:1 | Gained mutation: You are frail. (-10% HP) [a cacodemon]
 74601 | Vaults:1 | Killed Saint Roka
 74651 | Vaults:1 | Killed Asterion
 75607 | Vaults:2 | Identified the +8 glaive of the Living Dead {vamp, rN+}
 75664 | Vaults:2 | Found a staircase to the Crypt.
 75664 | Vaults:2 | Found a basalt altar of Yredelemnul.
 75690 | Vaults:2 | Reached skill level 10 in Invocations
 75855 | Vaults:2 | Reached XP level 23. HP: 165/165 MP: 0/0
 75855 | Vaults:2 | Learned a level 7 spell: Monstrous Menagerie
 77127 | Vaults:2 | Found Xoxyvoj's Antique Armour Emporium.
 77135 | Vaults:2 | Bought a warped ring mail for 369 gold pieces
 77135 | Vaults:2 | Identified the +8 ring mail of the Turtledove {+Inv rPois
                  | rN+++ Slay-5} (You bought it in a shop on level 2 of the
                  | Vaults)
 78456 | Vaults:3 | Noticed Margery
 78465 | Vaults:3 | Killed Margery
 78470 | Vaults:3 | Identified the +5 ring mail "Veekk" {*Slow rF+ Slay+2}
 78835 | Elf:1    | Entered Level 1 of the Elven Halls
 78839 | Elf:1    | Reached skill level 15 in Dodging
 79058 | Elf:1    | Reached XP level 24. HP: 171/171 MP: 0/0
 79257 | Elf:1    | Lost mutation: Your spells are a little easier to cast, but
                  | a little less powerful. [potion of mutation]
 79257 | Elf:1    | Lost mutation: You are weak. (Str -2) [potion of mutation]
 79257 | Elf:1    | Lost mutation: You are frail. (-10% HP) [potion of
                  | mutation]
 80041 | Elf:2    | Found a runed translucent gate.
 80042 | Elf:2    | Found a runed translucent gate.
 80042 | Elf:2    | Found a runed translucent gate.
 80673 | Elf:3    | Entered Level 3 of the Elven Halls
 80886 | Elf:3    | Paralysed by an air elemental for 1 turns
 81041 | Elf:3    | Reached skill level 10 in Evocations
 81141 | Elf:3    | Identified the +2 leather armour of Space {Will+ Dex+2}
 81147 | Elf:3    | Identified the ring of the Median {rC+ MP+9 EV+4}
 81191 | Elf:3    | Identified the amulet of Wuzoumuq {Acrobat rC+ Str+3}
 81194 | Elf:3    | Identified the ring of Lototif {Fire rElec}
 81215 | Elf:3    | Identified the amulet of Gowud {Acrobat Harm Int+3}
 81977 | Slime:1  | Entered Level 1 of the Pits of Slime
 82014 | Slime:1  | Gained mutation: You are occasionally teleported next to
                  | monsters. [a shining eye]
 82062 | Slime:1  | Gained mutation: You have a pair of small horns on your
                  | head. [a shining eye]
 82238 | Slime:1  | Reached XP level 25. HP: 199/199 MP: 0/0
 82238 | Slime:1  | Learned a level 9 spell: Fire Storm
 82859 | Slime:2  | Gained mutation: You have hidden genetic defects. [a
                  | shining eye]
 83708 | Slime:3  | Lost mutation: You are occasionally teleported next to
                  | monsters. [potion of mutation]
 83708 | Slime:3  | Lost mutation: You have a pair of small horns on your head.
                  | [potion of mutation]
 83708 | Slime:3  | Gained mutation: You are robust. (+10% HP) [potion of
                  | mutation]
 83708 | Slime:3  | Gained mutation: You have a somewhat thin skeletal
                  | structure. (Dex +2, Stealth+) [potion of mutation]
 83708 | Slime:3  | Gained mutation: You possess an exceptional clarity of
                  | mind. [potion of mutation]
 83751 | Slime:3  | You are sucked into a shaft and drop 1 floor!
 84272 | Slime:5  | Entered Level 5 of the Pits of Slime
 84343 | Slime:5  | Gained mutation: Your body sometimes deteriorates upon
                  | taking damage. [a shining eye]
 84381 | Slime:5  | Noticed the Royal Jelly
 84387 | Slime:4  | Gained mutation: You are dopey. (Int -2) [hidden defects]
 84400 | Slime:4  | Lost mutation: Armour fits poorly on your strangely shaped
                  | body. [potion of mutation]
 84400 | Slime:4  | Lost mutation: You are robust. (+10% HP) [potion of
                  | mutation]
 84400 | Slime:4  | Lost mutation: Your body sometimes deteriorates upon taking
                  | damage. [potion of mutation]
 84400 | Slime:4  | Gained mutation: Your muscles are strong. (Str +2) [potion
                  | of mutation]
 84400 | Slime:4  | Gained mutation: You occasionally shout uncontrollably at
                  | your foes. [potion of mutation]
 84400 | Slime:4  | Gained mutation: Your body sometimes deteriorates upon
                  | taking damage. [potion of mutation]
 84524 | Slime:5  | Gained mutation: You are clumsy. (Dex -2) [a shining eye]
 84622 | Slime:5  | Killed the Royal Jelly
 84892 | Slime:5  | Gained mutation: Your body often deteriorates upon taking
                  | damage. [hidden defects]
 84892 | Slime:5  | Lost mutation: You have hidden genetic defects. [hidden
                  | defects expressed]
 84961 | Slime:5  | Found the +8 lance "Wyrmbane" {slay drac, rPois rF+ rC+
                  | AC+3}
 84980 | Slime:5  | Identified the +1 pair of boots "Zosin" {Will++ Str+5}
 84987 | Slime:5  | Identified the ring of Moderation {rF+ SInv}
 85028 | Slime:5  | Got a slimy rune of Zot
 85033 | Slime:5  | Identified the +2 hat of Paranoia {rF++ Int-4 Dex+3 SInv}
 85047 | Slime:5  | Identified the ring "Ilaevuni" {+Blink AC+4 Int-4 Dex+2}
 85751 | Depths:3 | Noticed a juggernaut
 85756 | Depths:3 | Noticed a juggernaut
 85757 | Depths:3 | Killed a juggernaut
 85766 | Depths:3 | Killed a juggernaut
 86063 | Depths:2 | Reached skill level 20 in Spellcasting
 86306 | Crypt:1  | Entered Level 1 of the Crypt
 86318 | Crypt:1  | Noticed Frederick
 86324 | Crypt:1  | Killed Frederick
 86371 | Crypt:1  | Reached XP level 26. HP: 205/205 MP: 0/0
 86625 | Crypt:1  | Identified the +3 leather armour of the Cricket {Drain
                  | rPois Int+4}
 88135 | Crypt:2  | Identified the +4 trident "Fengidec" {vorpal, Int+3}
 88222 | Crypt:3  | Entered Level 3 of the Crypt
 88289 | Crypt:2  | Lost mutation: You have a somewhat thin skeletal structure.
                  | (Dex +2, Stealth+) [potion of mutation]
 88289 | Crypt:2  | Lost mutation: You occasionally shout uncontrollably at
                  | your foes. [potion of mutation]
 88289 | Crypt:2  | Gained mutation: You are partially covered in iridescent
                  | scales. (AC +2) [potion of mutation]
 88406 | Crypt:3  | Reached skill level 21 in Spellcasting
 88461 | Crypt:3  | Found a basalt altar of Yredelemnul.
 88679 | Crypt:3  | Noticed Bai Suzhen
 88687 | Crypt:3  | Killed Bai Suzhen
 88911 | Crypt:3  | Noticed a dread lich
 88921 | Crypt:3  | Killed a dread lich
 89082 | Crypt:3  | Found a staircase to the Tomb.
 89662 | Vaults:4 | Reached skill level 22 in Spellcasting
 89741 | Vaults:4 | Reached XP level 27. HP: 211/211 MP: 0/0
 89741 | Vaults:4 | Learned a level 9 spell: Shatter
 89971 | Vaults:4 | Reached skill level 15 in Evocations
 90124 | Vaults:4 | Found a runed translucent gate.
 90124 | Vaults:4 | Found a runed translucent gate.
 90124 | Vaults:4 | Found a runed translucent gate.
 90124 | Vaults:4 | Noticed Ugeaw's ghost (adept OgEn)
 90124 | Vaults:4 | Noticed an ancient lich
 90124 | Vaults:4 | Noticed a dread lich
 90124 | Vaults:4 | Noticed garrulousMonolith's ghost (veteran GnFi)
 90151 | Vaults:4 | Killed Ugeaw's ghost
 90336 | Vaults:4 | Found a portal to a secret trove of treasure.
 90357 | Vaults:4 | You showed the slimy rune of Zot to enter a treasure trove
 90358 | Trove    | Entered a treasure trove
 90819 | Vaults:4 | Killed garrulousMonolith's ghost
 90925 | Vaults:4 | Identified the ring "Xergh" {rElec rPois rCorr Int-5}
 90964 | Vaults:4 | Identified the +7 battleaxe "Tooru" {vamp, Drain rN+ rCorr}
 90995 | Vaults:4 | Identified the +0 helmet "Ekafiun" {Rampage Str-5 Dex+3
                  | Slay+3}
 91000 | Vaults:4 | Identified the +1 falchion of Duosom {speed, rF+ rN++}
 91035 | Vaults:4 | Noticed Mara
 91039 | Vaults:4 | Killed an ancient lich
 91044 | Vaults:4 | Noticed enile's illusion
 91053 | Vaults:4 | Noticed enile's illusion
 91057 | Vaults:4 | HP: 3/273 [enile's illusion (illusionary)/Shatter[Mara]
                  | (110)]
 91057 | Vaults:4 | Killed Mara
 91176 | Vaults:4 | Found Ykhuh's Antique Armour Boutique.
 91182 | Vaults:4 | Bought a glowing robe for 155 gold pieces
 91334 | Vaults:5 | Entered Level 5 of the Vaults
 91406 | Vaults:5 | Noticed an ancient lich
 91467 | Vaults:5 | Killed an ancient lich
 91793 | Vaults:4 | Killed a dread lich
 92021 | Vaults:5 | Noticed a dread lich
 92025 | Vaults:5 | Killed a dread lich
 92114 | Vaults:5 | Identified the +0 leather armour "Mupn" {Will+ Str+4}
 92256 | Vaults:5 | Identified the +2 ring mail of the Farrier {Will+ Str+3}
 92341 | Vaults:5 | Identified the +9 rapier "Xuashiyr" {vamp, rPois Str+7
                  | Dex+4}
 92606 | Vaults:5 | Got a silver rune of Zot
 93472 | Depths:3 | Noticed Boris
 93476 | Depths:3 | Killed Boris
 93726 | Depths:3 | Identified the ring "Uxoxal" {Ice Will+}
 93726 | Depths:3 | Noticed Josephina
 93733 | Depths:3 | Killed Josephina
 94110 | Depths:3 | Identified the +2 robe of the Solstice {rPois rC++ Dex+4}
 94268 | Depths:4 | Entered Level 4 of the Depths
 94295 | Depths:4 | Noticed Mennas
 94669 | Depths:4 | Killed Mennas
 94671 | Depths:4 | Noticed Sojobo
 94675 | Depths:4 | Paralysed by an air elemental for 1 turns
 94677 | Depths:4 | Paralysed by an air elemental for 1 turns
 94678 | Depths:4 | Killed Sojobo
 94923 | Depths:4 | Found a gate to the Realm of Zot.
 95080 | Depths:4 | Identified the +4 war axe of Gluttony {elec, Drain rF+
                  | Will+}
 95084 | Depths:4 | Noticed Xtahua
 95089 | Depths:4 | Killed Xtahua
 95103 | Depths:4 | Found a shadowy altar of Dithmenos.
 95432 | Depths:4 | Found Dismyk's Weapon Emporium.
 95432 | Depths:4 | Found Bonaim's Book Shoppe.
 95626 | Zot:1    | Entered Level 1 of the Realm of Zot
 95637 | Zot:1    | Found the +4 dragonskin cloak
 95637 | Zot:1    | Noticed Tiamat
 95736 | Zot:1    | Reached skill level 23 in Spellcasting
 95738 | Zot:1    | Annihilated by Tiamat

Illustrated notes

Levels and vault maps discovered:
D:1:      mrwooster_arrival_statue_3, layout_loops_ring,
          ebering_ecumenical_altar_rust
D:2:      minmay_recursive_quarters, layout_rooms, grunt_decor_arrowhead,
          uniq_robin
D:3:      layout_basic, uniq_natasha, uniq_jessica
D:4:      layout_cave_pods, minmay_temple_entry_overgrown, portal_sewer_entry_c
D:5:      layout_basic
D:6:      layout_loops_corners, tgw_xom, kennysheep_opposing_triangles,
          uniq_crazy_yiuf_cottage
D:7:      layout_basic, roderic_roman_lattice
D:8:      layout_loops_ring, uniq_prince_ribbit1
D:9:      layout_stronghold, roderic_serpentine_path, grunt_decor_clamped,
          uniq_grum, uniq_erica, uniq_psyche, uniq_erolcha
D:10:     layout_long_grid, uniq_harold, uniq_sonja
D:11:     layout_roguey, erik_lair_orcish_takeover, david_orc_3
D:12:     cheibrodos_tormentor_scu, layout_irregular_city, dk_vineyard_1
D:13:     layout_basic, lightli_vaults_fourway_checkpoint, uniq_jorgrun
D:14:     layout_grid_maze, ebering_dispersal_statue_hall, uniq_snorg
D:15:     grunt_enter_depths_giant_problem, layout_long_grid,
          nicolae_concentric_dashed_squares_mild, nemelex_diamond_rough_becter
Lair:1:   layout_hall_layers, nicolae_volcano_entry_two_sided,
          grunt_megastairs_1
Lair:2:   layout_layer_cave, minivault_27, st_stairs_10, grunt_megastairs_5,
          lemuel_fruit_tree
Lair:3:   layout_chaotic_city, guppyfry_snake_entry_island,
          ebering_ghost_inner_flame, beast_lair_carwin_6, serial_bayou_shore_b,
          uniq_urug
Lair:4:   layout_misc_corridors, elwin_shoals_entry_rooms
Lair:5:   regret_index_bee_streams, layout_long_grid,
          kennysheep_catoblepas_arena
Lair:6:   cheibrodos_lair_end_hotspot, layout_misc_corridors,
          minmay_slime_entry_jelly_boxes
Shoals:1: layout_shoals, gammafunk_ghost_berserking_beasts,
          hangedman_shoals_cup_caves
Shoals:2: layout_shoals, serial_shops, nicolae_shop_advertising_works
          [nicolae_subvault_shop_adworks], shop, nicolae_stop_n_shop_1
Shoals:3: layout_shoals, portal_ice_cave_entry_pillars_four,
          nicolae_shoals_so_close
Shoals:4: shoals_end_hangedman, layout_shoals
Snake:1:  layout_grid_maze, basic_altar
Snake:2:  layout_grid_maze, basic_altar
Snake:3:  layout_rooms, serial_shops, nicolae_shop_behind_doors,
          serial_bayou_shore_a, serial_bayou_shore_b
Snake:4:  snake_pit_salamanders_mu, layout_cave_town
Slime:1:  cheibrodos_slime_lost_civilization_2, layout_caves,
          cheibrodos_slime_lost_civilization_5
Slime:2:  layout_caves, nicolae_slime_welcoming_committee
Slime:3:  layout_caves, cheibrodos_slime_lost_civilization_4
Slime:4:  layout_caves
Slime:5
Orc:1:    layout_diamond_mine, serial_shops, shop_statue,
          nicolae_shop_hallway_stairs, library_closet, minmay_orc_treasury
Orc:2:    st_orc_open, layout_caves
Elf:1:    eino_elf_arrival_sip, layout_gridlike,
          hangedman_elven_crosses_minicolossus, item_on_display_a
Elf:2:    nicolae_elf_blades_crystal_corner, layout_geoelf_octagon
Elf:3:    minmay_elf_hall_circle, layout_geoelf_octagon,
          amcnicky_mini_rare_corridor_liquid, grunt_ministairs_13
Vaults:1: v_misc_23, nicolae_vaults_theta, v_misc_3, ontoclasm_vaults_shout,
          v_misc_3, vaults_mumra_hexcomb, nicolae_vaults_little_ls,
          nicolae_vaults_little_squares_3, v_alt_pattern_3,
          grunt_vaults_diagonal, vaults_room_grunt_arrival_checkpoint,
          layout_vaults_chaotic_city, uniq_saint_roka, uniq_aizul, uniq_asterion
Vaults:2: hangedman_vaults_stitches, nicolae_vaults_network_quincunx
          [nicolae_vaults_network_quincunx_subvault,
          nicolae_vaults_network_quincunx_subvault,
          nicolae_vaults_network_quincunx_subvault,
          nicolae_vaults_network_quincunx_subvault,
          nicolae_vaults_network_quincunx_subvault],
          minmay_crypt_entry_necro_gods, ontoclasm_vaults_pinch,
          vaults_room_door_hall, hangedman_vaults_slice,
          nicolae_vaults_back_hallway, hangedman_vaults_corner_blocks,
          v_alt_pattern_3, hangedman_vaults_snaps, vaults_room_semicircle,
          st_lattice, vaults_room_grid, v_misc_5, vaults_room_mumra_shop_pool,
          layout_vaults_omnibox
Vaults:3: nicolae_vaults_three_branches, hangedman_vaults_restitches,
          nicolae_vaults_puzzle_piece, ontoclasm_vaults_idyll, v_misc_9,
          hangedman_vaults_river_flow, nicolae_vaults_quartermaster,
          nicolae_vaults_asterisk, hangedman_vaults_locks, vaults_mumra_lcd,
          vaults_dpeg_hooks, layout_vaults_omnicross, uniq_margery
Vaults:4: gammafunk_ghost_crypt, nicolae_vaults_minivaults, v_misc_33,
          v_alt_pattern_4, ontoclasm_vaults_ring_large, ontoclasm_vaults_tryst,
          v_pattern_1, grunt_vaults_hallway_long, v_alt_pattern_3, v_misc_25,
          ontoclasm_vaults_ring_small, nicolae_vaults_sealed_display,
          nicolae_vaults_alarming, nicolae_vaults_little_squares_6,
          layout_vaults_maze_bifur, serial_shops, shop,
          nicolae_trove_entry_free_sample, uniq_mara
Vaults:5
Crypt:1:  layout_misc_corridors, uniq_frederick
Crypt:2:  layout_misc_corridors, minmay_misc_feat_cross,
          corexii_leaking_fountain
Crypt:3:  grunt_crypt_end_deaths_head, uniq_bai_suzhen
Depths:1: layout_gridlike, bh_walls_and_bars, mu_enter_wizlab_4, hell_entry,
          abyss_entry_crystal, minmay_crystal_box, minmay_shop_grove
Depths:2: hellmonk_paralyzer, layout_gridlike, enter_ziggurat_d,
          rand_demon_pan_entry_1, hangedman_coc_ice_floe
Depths:3: minmay_heptahexagon, layout_twisted_cross, lightli_too_deep,
          abyss_entry, infiniplex_staircase_zigzag_2, grunt_megastairs_4,
          uniq_boris, uniq_josephina
Depths:4: evilmike_zot_entry_hall, layout_gridville, minmay_room_of_horrors,
          grunt_dithmenos_smoke_and_mirrors, grunt_hell_entry_dis_mu,
          nicolae_vehumet_radiance, minmay_shoptagon, uniq_mennas, uniq_sojobo,
          uniq_xtahua
Zot:1:    layout_misc_corridors, uniq_tiamat

Skill      XL: |  1  2  3  4  5  6  7  8  9 10 11 12 13 14 15 16 17 18 19 20 21 22 23 24 25 26 27 |
---------------+----------------------------------------------------------------------------------+-----
Fighting       | 1 2 3 4 5 8 10 11 14 16 18 19 21 22 | 22.0
Spellcasting   | 3 4 5 7 9 10 12 13 15 16 17 19 20 22 23 | 23.0
Dodging        | 4 5 7 12 13 15 16 | 16.0
Shields        | 2 4 5 12 16 18 20 | 20.0
Invocations    | 5 6 7 10 11 | 11.0
Evocations     | 7 11 14 19 | 19.0
Stealth        | |  1.5

Action                   |  1- 3 |  4- 6 |  7- 9 | 10-12 | 13-15 | 16-18 | 19-21 | 22-24 | 25-27 || total
-------------------------+-------+-------+-------+-------+-------+-------+-------+-------+-------++-------
Melee: Dagger            |       |     9 |       |       |       |       |       |       |       ||     9
       Short sword       |       |    14 |     7 |    20 |       |       |       |       |       ||    41
       Punch             |       |     1 |       |       |       |       |       |       |       ||     1
       Mace              |       |       |       |    39 |    90 |    64 |    39 |    28 |     2 ||   262
       Lance             |       |       |       |       |       |       |       |       |    13 ||    13
       Trident           |       |       |       |       |       |       |       |       |    53 ||    53
Throw: Throwing net      |       |       |       |       |     4 |       |       |       |       ||     4
 Cast: Foxfire           |    57 |    92 |    98 |    71 |    55 |    10 |       |       |       ||   383
       Scorch            |    13 |    31 |    41 |       |       |       |       |       |       ||    85
       Inner Flame       |       |    14 |    32 |    66 |   115 |   110 |    87 |    13 |     2 ||   439
       Conjure Flame     |       |     1 |       |     1 |     1 |       |       |       |       ||     3
       Stone Arrow       |       |       |     5 |   134 |   285 |       |       |       |       ||   424
       Manifold Assault  |       |       |       |    30 |    10 |    12 |     3 |       |     4 ||    59
       Iron Shot         |       |       |       |       |   154 |   411 |   570 |   593 |   579 ||  2307
       Metabolic Englaci |       |       |       |       |       |     3 |     1 |     2 |       ||     6
       Statue Form       |       |       |       |       |       |    30 |   105 |   105 |   124 ||   364
       Malign Gateway    |       |       |       |       |       |       |     9 |    30 |    26 ||    65
       Enfeeble          |       |       |       |       |       |       |     1 |     2 |       ||     3
       Monstrous Menager |       |       |       |       |       |       |       |    31 |    51 ||    82
       Fire Storm        |       |       |       |       |       |       |       |       |    60 ||    60
       Shatter           |       |       |       |       |       |       |       |       |    44 ||    44
Invok: Upheaval          |       |       |       |       |       |     1 |       |       |       ||     1
       Disaster Area     |       |       |       |       |       |     1 |     1 |     1 |     4 ||     7
 Abil: Evoke Invisibilit |       |       |       |       |       |       |       |       |     4 ||     4
Evoke: Wand              |       |       |       |     6 |     3 |     2 |       |     1 |       ||    12
       Tin of tremorston |       |       |       |       |       |     4 |     5 |     3 |     9 ||    21
       Condenser vane    |       |       |       |       |       |     2 |     2 |     1 |     1 ||     6
       Phial of floods   |       |       |       |       |       |     2 |       |     1 |       ||     3
       Box of beasts     |       |       |       |       |       |       |     1 |     3 |     2 ||     6
  Use: Potion            |       |     2 |       |     1 |     2 |     7 |     3 |     2 |     5 ||    22
       Scroll            |       |     1 |     6 |    15 |     6 |    20 |     3 |     3 |    14 ||    68
 Stab: Held in net/web   |       |       |       |       |     1 |       |       |       |       ||     1
       Distracted        |       |       |       |       |       |       |       |       |     2 ||     2
Armor: Robe              |     4 |     9 |       |     1 |    15 |    11 |     6 |     1 |     3 ||    50
       Leather armour    |       |       |     4 |       |       |       |       |       |       ||     4
       Skin              |       |       |       |       |       |    88 |   180 |   126 |   399 ||   793
Dodge: Dodged            |    28 |    51 |    28 |    38 |   241 |   212 |   363 |   213 |   497 ||  1671
       Repelled          |       |       |       |     6 |     5 |    26 |    17 |    10 |    43 ||   107
Block: Other             |     1 |    11 |     3 |       |       |       |       |       |    34 ||    49
       Buckler           |       |       |     7 |    47 |   292 |    82 |       |       |       ||   428
       Orb               |       |       |       |       |       |   161 |   111 |       |       ||   272
       Reflection        |       |       |       |       |       |    11 |       |       |       ||    11
       Kite shield       |       |       |       |       |       |       |   316 |       |       ||   316
       Tower shield      |       |       |       |       |       |       |   587 |  1005 |  1640 ||  3232

Table legend: (Time is in decaauts)
 A = Elapsed time spent in this place.
 B = Non-inter-level travel time spent in this place.
 C = Inter-level travel time spent in this place.
 D = Time resting spent in this place.
 E = Time spent auto-exploring this place.
 F = Levels seen in this place.
 G = Mean time per level.
                   A        B        C        D        E       F      G
               +--------+--------+--------+--------+--------+-----+--------+
         Total | 103772 |  98094 |   5678 |  14738 |  68398 |  57 | 1820.6 |
       Dungeon |  31258 |  29018 |   2240 |   6145 |  20425 |  15 | 2083.9 |
          Lair |  15033 |  13992 |   1041 |   2389 |  10345 |   6 | 2505.5 |
        Shoals |   6090 |   5817 |    273 |    468 |   4192 |   4 | 1522.5 |
     Snake Pit |  13061 |  12639 |    422 |    705 |  10250 |   4 | 3265.2 |
    Slime Pits |   4147 |   3867 |    280 |    926 |   2018 |   5 |  829.4 |
  Orcish Mines |   3585 |   3376 |    209 |   1238 |   1759 |   2 | 1792.5 |
   Elven Halls |   3732 |   3598 |    134 |     85 |   2524 |   3 | 1244.0 |
        Vaults |  10164 |   9578 |    586 |    528 |   6680 |   5 | 2032.8 |
         Crypt |   4001 |   3916 |     85 |    711 |   2213 |   3 | 1333.7 |
        Depths |   7503 |   7099 |    404 |    969 |   4429 |   4 | 1875.8 |
           Zot |     27 |     27 |      0 |      0 |      0 |   1 |   27.0 |
         Trove |     96 |     96 |      0 |      0 |      0 |   1 |   96.0 |
         Sewer |    666 |    666 |      0 |      0 |    527 |   1 |  666.0 |
      Ice Cave |    632 |    632 |      0 |      0 |    470 |   1 |  632.0 |
       Volcano |   1456 |   1456 |      0 |     35 |   1231 |   1 | 1456.0 |
        Wizlab |   2315 |   2315 |      0 |    536 |   1333 |   1 | 2315.0 |
               +--------+--------+--------+--------+--------+-----+--------+

Top non-repeatable levels by time:
    D:12: 5178 daAuts
  Lair:5: 4795 daAuts
    D:11: 4651 daAuts
 Snake:3: 4547 daAuts
 Snake:4: 2911 daAuts
 Snake:1: 2868 daAuts
   Orc:1: 2813 daAuts
 Snake:2: 2733 daAuts
     D:1: 2626 daAuts
  Lair:1: 2602 daAuts
Depths:2: 2534 daAuts
Vaults:4: 2515 daAuts
Shoals:1: 2373 daAuts
  Lair:6: 2336 daAuts
  WizLab: 2315 daAuts
